 Dungeon Crawl Stone Soup version 0.30-a0-381-g6ea064c7b4 (webtiles) character file.

Game seed: 5444912950506122884

557 qeuew the Trooper (level 7, -3/49 HPs)
             Began as a Demonspawn Chaos Knight on Dec 1, 2022.
             Was a Plaything of Xom.
             Slain by a faun (glowing shapeshifter) (19 damage)
             ... on level 5 of the Dungeon.
             The game lasted 00:04:24 (3090 turns).

qeuew the Trooper (Demonspawn Chaos Knight)         Turns: 3090, Time: 00:04:25

Health: -3/49      AC:  7    Str: 20    XL:     7   Next: 9%
Magic:  7/7        EV: 12    Int: 14    God:    Xom [......]
Gold:   212        SH:  5    Dex: 12    Spells: 6/6 levels left

rFire   . . .      SeeInvis .    a - +0 mace (chaos)
rCold   . . .      Faith    .    (no shield)
rNeg    . . .      Spirit   .    b - +2 leather armour
rPois   +          Reflect  +    (no helmet)
rElec   .          Harm     .    (no cloak)
rCorr   .          Rampage  .    (no gloves)
Will    .....                    (no boots)
Stlth   +.........               h - amulet of reflection
HPRegen 0.28/turn                l - +6 ring of strength
MPRegen 0.10/turn                (no ring)

@: weakened
A: icy blue scales 1, powered by death 1, powered by pain 1, demonic touch 2,
fangs 1, frail 1, poison resistance
a: Renounce Religion


You were on level 5 of the Dungeon.
You worshipped Xom.
You were a very special plaything of Xom.
You visited 1 branch of the dungeon, and saw 5 of its levels.

You collected 212 gold pieces.

Inventory:

Hand Weapons
 a - a +0 mace of chaos (weapon)
Armour
 b - a +2 leather armour (worn)
Jewellery
 h - an amulet of reflection (around neck)
 l - a +6 ring of strength (left hand)
Scrolls
 e - a scroll of blinking
 f - a scroll of teleportation
 n - a scroll of acquirement
Potions
 d - a potion of heal wounds
 g - 2 potions of might
 i - a potion of invisibility
 k - 2 potions of curing
 o - a potion of mutation
Miscellaneous
 c - a piece from Xom's chessboard (15/15) (quivered)


   Skills:
 + Level 4.4 Fighting
 + Level 4.1 Maces & Flails
 + Level 3.4 Armour
 + Level 3.1 Dodging
 + Level 3.0 Evocations


You had 6 spell levels left.
You didn't know any spells.
Your spell library contained the following spells:

 Spells                   Type           Power      Damage    Failure   Level
 Magic Dart               Conj           0%         1d3       32%         1
 Searing Ray              Conj           0%         2d4       45%         2
 Static Discharge         Conj/Air       0%         2-2/arc   45%         2
 Vhi's Electric Charge    Tloc/Air       0%         N/A       69%         3
 Fulminant Prism          Conj/Hex       0%         3d5       97%         4
 Arcjolt                  Conj/Air       0%         1d10      100%        5
 Lightning Bolt           Conj/Air       0%         1d11      100%        5


Dungeon Overview and Level Annotations

Branches:
Dungeon (5/15)
 Temple: D:4-7

Altars:
Trog

Annotations:
D:3 3 runed translucent doors, bigduke15's ghost, amateur OgBe


Innate Abilities, Weirdness & Mutations

You are partially covered in icy blue scales. (AC +2)
You regenerate a little health from kills.
You sometimes gain a little power by taking damage.
Your touch may inflict irresistible damage on your foes.
You have very sharp teeth.
You are frail. (-10% HP)
Your system is resistant to poisons. (rPois)


Message History

The gnoll is healed somewhat.
You hit the gnoll but do no damage. Your touch misses the gnoll.
The gnoll is moderately wounded.
The gnoll hits you with a +0 whip. You block the gnoll's attack.
You hear some strange, mumbled prayers to a god.
Unknown command.
You hit something but do no damage.
Nothing appears to happen.
Your attacks no longer feel as feeble.
You block the gnoll's attack. The gnoll hits you with a +0 whip!
You hear something invoke the aid of a god against you.
You feel your attacks grow feeble. Something hits you but does no damage.
The gnoll closely misses you.
You closely miss something. You bite something.
The gnoll hits you with a +0 whip.
You hear something invoke the aid of a god against you.
You feel as though you will be weak longer.
You block something's attack. The gnoll closely misses you.
You hit something but do no damage.
A glowing shapeshifter appears out of thin air!
Reactivating autopickup.
Xom thinks this is hilarious!
The glowing shapeshifter changes into an eye of devastation!
The gnoll closely misses you. The gnoll barely misses you. x2
You hit the eye of devastation.
Lightning courses through the eye of devastation!
The eye of devastation is moderately wounded.
The eye of devastation changes into a faun!
The gnoll closely misses you. The gnoll barely misses you.
Unknown command.
You closely miss the faun.
The faun is lightly wounded.
The gnoll completely misses you. The gnoll barely misses you.
The faun hits you!
A shower of butterflies erupts from you!
You hit the faun. Your touch misses the faun. You punch the faun.
The faun is moderately wounded.
You block the gnoll's attack. The gnoll hits you but does no damage.
The faun hits you!!
You die...
Xom cackles wildly!

.....^. ......
..... #...#####
######>.......
#.............
#..bb..g......
#.....@c.....(
##....b.g......
#.....#####....
#.....#####....
#..........# .
#.....####.#
#.....# .#
#.....####.#####
#.....##........


You could see a faun shaped shifter (ally target) and 2 gnolls.

Vanquished Creatures
  A black bear (D:4)
  2 scorpions
  A crimson imp (D:3)
  3 jellies
  An iguana (D:5)
  Robin (D:4)
  A gnoll (D:5)
  3 adders (D:4)
  An ufetubus (D:4)
  8 dart slugs
  14 orcs
  9 ball pythons
  10 bats
  2 endoplasms
  3 giant cockroaches
  16 goblins
  4 hobgoblins
  11 jackals (D:2)
  5 kobolds
  A quokka (D:3)
  5 frilled lizards
  2 goblin skeletons (D:3)
  2 kobold skeletons (D:3)
  A kobold zombie (D:3)
  2 orc zombies (D:3)
  7 rats
116 creatures vanquished.

Notes
Turn   | Place    | Note
-------+----------+-------------------------------------------
     0 | D:1      | qeuew the Demonspawn Chaos Knight began the quest for the
                  | Orb.
     0 | D:1      | Reached XP level 1. HP: 18/18 MP: 1/1
     0 | D:1      | XOM: silly message
    19 | D:1      | XOM: divination: detect creatures
    64 | D:1      | XOM: silly message
    69 | D:1      | Reached skill level 1 in Dodging
   201 | D:1      | Gained mutation: Your touch may inflict minor irresistible
                  | damage on your foes. [demonic ancestry]
   201 | D:1      | Reached XP level 2. HP: 24/24 MP: 2/2
   413 | D:1      | XOM: 1-stop teleportation journey
   785 | D:1      | Gained mutation: You have a somewhat thin skeletal
                  | structure. (Dex +2, Stealth+) [potion of mutation]
   785 | D:1      | Gained mutation: Your system is resistant to poisons.
                  | (rPois) [potion of mutation]
   785 | D:1      | Gained mutation: You have very sharp teeth. [potion of
                  | mutation]
   839 | D:2      | Reached skill level 1 in Evocations
   839 | D:2      | Reached XP level 3. HP: 20/29 MP: 3/3
  1047 | D:2      | Gained mutation: You are partially covered in icy blue
                  | scales. (AC +2) [demonic ancestry]
  1047 | D:2      | Reached XP level 4. HP: 33/35 MP: 4/4
  1106 | D:2      | XOM: polymorph rat -> dart slug
  1423 | D:3      | Found a runed translucent gate.
  1423 | D:3      | Found a runed translucent gate.
  1423 | D:3      | Found a runed translucent gate.
  1426 | D:3      | Noticed bigduke15's ghost (amateur OgBe)
  1535 | D:3      | XOM: chaos upgrade
  1654 | D:3      | Gained mutation: You regenerate a little health from kills.
                  | [demonic ancestry]
  1654 | D:3      | Reached XP level 5. HP: 41/41 MP: 5/5
  1660 | D:3      | XOM: enchant monster (bad)
  2064 | D:3      | XOM: summons 1 hostile shadow creature
  2185 | D:4      | Noticed a black bear
  2185 | D:4      | XOM: silly message
  2191 | D:4      | Noticed Robin
  2191 | D:4      | XOM: 6-stop teleportation journey
  2279 | D:4      | Killed a black bear
  2280 | D:4      | Gained mutation: You sometimes gain a little power by
                  | taking damage. [demonic ancestry]
  2280 | D:4      | Reached XP level 6. HP: 48/48 MP: 6/6
  2287 | D:4      | XOM: torment (25/48 hp)
  2373 | D:4      | XOM: summons 2 hostile shadow creatures
  2497 | D:4      | XOM: swap monsters
  2591 | D:4      | Killed Robin
  2626 | D:4      | Found a bloodstained altar of Trog.
  2822 | D:4      | Identified a scroll of acquirement
  2849 | D:5      | Entered Level 5 of the Dungeon
  2908 | D:5      | Gained mutation: Your touch may inflict irresistible damage
                  | on your foes. [demonic ancestry]
  2908 | D:5      | Reached XP level 7. HP: 32/55 MP: 7/7
  2965 | D:5      | XOM: give mutations
  2965 | D:5      | Lost mutation: You have a somewhat thin skeletal structure.
                  | (Dex +2, Stealth+) [Xom's mischief]
  2965 | D:5      | Gained mutation: You are frail. (-10% HP) [Xom's mischief]
  2975 | D:5      | XOM: torment (23/49 hp)
  3087 | D:5      | Noticed a glowing shapeshifter
  3087 | D:5      | a glowing shapeshifter changed into an eye of devastation
  3087 | D:5      | Noticed an eye of devastation (glowing shapeshifter)
  3088 | D:5      | an eye of devastation changed into a faun
  3088 | D:5      | Noticed a faun (glowing shapeshifter)
  3089 | D:5      | XOM: butterfly on damage
  3090 | D:5      | Slain by a faun (glowing shapeshifter)

Illustrated notes

Levels and vault maps discovered:
D:1:      wander_arrival_chamber, layout_basic
D:2:      layout_rooms, minmay_distorted
D:3:      layout_basic, nicolae_tso_besieged_by_evil, gammafunk_ghost_split
D:4:      layout_gridville, kennysheep_mini_moat, minivault_14, uniq_robin
D:5:      layout_basic, marbit_many_paths, uniq_edmund

Skill      XL: |  1  2  3  4  5  6 |
---------------+-------------------+-----
Dodging        | 1 2 3 |  3.1
Armour         | 2 3 |  3.4
Maces & Flails | 3 4 |  4.1
Evocations     | 1 2 3 |  3.0
Fighting       | 4 |  4.4

Action                   |  1- 3 |  4- 6 |  7- 9 || total
-------------------------+-------+-------+-------++-------
Melee: Mace              |    83 |   176 |    20 ||   279
       Touch             |     5 |    29 |     5 ||    39
       Bite              |     4 |    17 |     2 ||    23
       Punch             |       |     2 |     1 ||     3
  Use: Scroll            |     4 |     6 |       ||    10
       Potion            |     4 |     4 |       ||     8
 Stab: Sleeping          |     2 |     9 |       ||    11
       Petrifying        |       |     1 |       ||     1
       Confused          |       |     1 |       ||     1
       Paralysed         |       |     1 |       ||     1
Armor: Leather armour    |    66 |    90 |     3 ||   159
Dodge: Dodged            |    94 |   134 |    15 ||   243
Block: Other             |       |    36 |     7 ||    43
       Reflection        |       |     2 |     1 ||     3

Table legend: (Time is in decaauts)
 A = Elapsed time spent in this place.
 B = Non-inter-level travel time spent in this place.
 C = Inter-level travel time spent in this place.
 D = Time resting spent in this place.
 E = Time spent auto-exploring this place.
 F = Levels seen in this place.
 G = Mean time per level.
                   A        B        C        D        E       F      G
               +--------+--------+--------+--------+--------+-----+--------+
         Total |   3140 |   3059 |     81 |      0 |   2350 |   5 |  628.0 |
       Dungeon |   3140 |   3059 |     81 |      0 |   2350 |   5 |  628.0 |
               +--------+--------+--------+--------+--------+-----+--------+

Top non-repeatable levels by time:
     D:1: 801 daAuts
     D:3: 762 daAuts
     D:4: 736 daAuts
     D:2: 594 daAuts
     D:5: 245 daAuts
